 Dungeon Crawl Stone Soup version 0.23.2-1-ga50397a (webtiles) character file.

Game seed: 3096828453742888057

308 whitewolfNL the Cudgeler (level 6, -5/56 HPs)
             Began as a Minotaur Berserker on May 15, 2019.
             Was a Believer of Trog.
             Hit by a tomahawk thrown by a gnoll sergeant (6 damage)
             ... on level 4 of the Dungeon.
             The game lasted 00:07:59 (2336 turns).

whitewolfNL the Cudgeler (Minotaur Berserker)       Turns: 2336, Time: 00:08:00

Health: -5/56      AC:  2    Str: 21    XL:     6   Next: 16%
Magic:  5/5        EV: 13    Int:  4    God:    Trog [**....]
Gold:   171        SH:  0    Dex: 12    Spells: 5/5 levels left

rFire    . . .     SeeInvis .   a - +0 mace
rCold    . . .     Gourm    .   (no shield)
rNeg     . . .     Faith    .   b - +0 animal skin
rPois    .         Spirit   .   (helmet restricted)
rElec    .         Reflect  .   (no cloak)
rCorr    .         Harm     .   (no gloves)
MR       .....                  (no boots)
Stlth    ++........             e - amulet of magic regeneration
HPRegen  0.18/turn              (no ring)
MPRegen  0.34/turn              (no ring)

@: berserk cooldown, slowed, very slow
A: retaliatory headbutt, horns 2
a: Berserk, Trog's Hand, Renounce Religion


You were on level 4 of the Dungeon.
You worshipped Trog.
Trog was pleased with you.
You were not hungry.

You visited 1 branch of the dungeon, and saw 4 of its levels.

You collected 171 gold pieces.

Inventory:

Hand Weapons
 a - a +0 mace (weapon)
Missiles
 h - 83 arrows
 i - 76 stones (quivered)
 n - 8 bolts
 o - 41 sling bullets
 q - 6 curare-tipped needles
Armour
 b - a +0 animal skin (worn)
Jewellery
 e - an amulet of magic regeneration (around neck)
Scrolls
 d - a scroll of enchant weapon {unknown}
 f - 2 scrolls of identify {unknown}
 r - a scroll of magic mapping {unknown}
 s - a scroll of fear {unknown}
Potions
 g - a potion of resistance
 j - a potion of heal wounds {unknown}
 m - a potion of berserk rage {unknown}
 p - a potion of flight {unknown}
Comestibles
 c - 6 rations
 k - 7 chunks of flesh


   Skills:
 + Level 5.0 Fighting
 + Level 5.1 Maces & Flails
 - Level 1.0 Throwing
 + Level 4.2 Armour
 + Level 3.8 Dodging
 - Level 1.0 Stealth


You had 5 spell levels left.
You didn't know any spells.
Your spell library was empty.

Dungeon Overview and Level Annotations

Branches:
Dungeon (4/15)
 Temple: D:4-7

Altars:


Innate Abilities, Weirdness & Mutations

You reflexively headbutt those who attack you in melee.
You have a pair of horns on your head.


Message History

You hit the gnoll sergeant but do no damage.
The gnoll sergeant is lightly wounded.
The gnoll hits you from afar with a +2 spear of venom.
The gnoll sergeant closely misses you.
You hit the gnoll sergeant but do no damage.
The gnoll sergeant is lightly wounded.
The gnoll closely misses you. The gnoll sergeant barely misses you.
The gnoll barely misses you. The gnoll sergeant barely misses you.
The gnoll hits you with a +0 whip.
* * * LOW HITPOINT WARNING * * *
The gnoll sergeant hits you from afar with a +0 spear.
* * * LOW HITPOINT WARNING * * *
The gnoll sergeant hits you from afar with a +0 spear!
* * * LOW HITPOINT WARNING * * *
The gnoll sergeant throws a tomahawk.
The tomahawk hits you!
* * * LOW HITPOINT WARNING * * *
You see here a tomahawk.
The gnoll sergeant throws a tomahawk.
The tomahawk closely misses you.
The gnoll sergeant throws a tomahawk.
The tomahawk hits you.
You die...

..........##...........
.......................
.....................###
..........#............
.....................#
.%...............(...#####
.....................#...
g...................>#.#
.........##.....@......######..
.......#..###.................#
.......#.. ##(.g........#####
.......#..# #gg.........##
#%......... #............##
...........###..........#..######
.........>......................>
................................
...........................รท.


You could see a gnoll sergeant and 2 gnolls.

Vanquished Creatures
  A phantom (D:4)
  An ogre (D:4)
  A worker ant (D:4)
  A gnoll (D:4)
  A howler monkey skeleton (D:4)
  3 adders (D:4)
  An adder skeleton (D:4)
  A worm (D:4)
  A dart slug (D:4)
  2 leopard geckos
  2 ball pythons
  4 bats
  15 giant cockroaches
  2 goblins
  3 hobgoblins (D:1)
  4 kobolds
  A quokka (D:4)
  2 frilled lizards
  6 rats
52 creatures vanquished.

Notes
Turn   | Place    | Note
-------+----------+-------------------------------------------
     0 | D:1      | whitewolfNL the Minotaur Berserker began the quest for the
                  | Orb.
     0 | D:1      | Reached XP level 1. HP: 19/19 MP: 0/0
    34 | D:1      | You fall through a shaft!
    61 | D:2      | Found a faded altar of an unknown god.
   228 | D:1      | Reached XP level 2. HP: 25/27 MP: 1/1
  1028 | D:2      | Reached skill level 1 in Throwing
  1031 | D:2      | Reached skill level 1 in Stealth
  1043 | D:2      | Reached ** piety under Trog
  1043 | D:2      | Reached XP level 3. HP: 27/33 MP: 2/2
  1729 | D:4      | Noticed an ogre
  1736 | D:4      | Reached XP level 4. HP: 40/40 MP: 3/3
  1740 | D:4      | Killed an ogre
  1740 | D:4      | Reached XP level 5. HP: 35/47 MP: 4/4
  2169 | D:4      | Noticed a phantom
  2188 | D:4      | Killed a phantom
  2188 | D:4      | Reached skill level 5 in Fighting
  2188 | D:4      | Reached skill level 5 in Maces & Flails
  2188 | D:4      | Reached XP level 6. HP: 23/56 MP: 5/5
  2334 | D:4      | HP: 1/56 [gnoll sergeant/tomahawk (7)]
  2336 | D:4      | Hit by a tomahawk thrown by a gnoll sergeant

Skill      XL: |  1  2  3  4  5 |
---------------+----------------+-----
Throwing       | 1 |  1.0
Stealth        | 1 |  1.0
Maces & Flails | 4 5 |  5.1
Fighting       | 4 5 |  5.0
Armour         | 3 4 |  4.2
Dodging        | 3 |  3.8

Action                   |  1- 3 |  4- 6 || total
-------------------------+-------+-------++-------
Melee: Mace              |    65 |    47 ||   112
       Headbutt          |     8 |     9 ||    17
Invok: Berserk           |     2 |     2 ||     4
  Use: Potion            |       |     2 ||     2
  Eat: Chunk             |     3 |     2 ||     5
       Ration            |       |     1 ||     1
Armor: Animal skin       |    23 |     4 ||    27
Dodge: Dodged            |    72 |    38 ||   110
